 Dungeon Crawl Stone Soup version 0.02-203-gf4e052f (webtiles) character file.

Game seed: 15643515314067965563, levelgen mode: deterministic

936 Kalegnar the Magician (level 7, 0/5 HPs) Fairy Air Elementalist. Began on Nov 4, 2020. Slain by a bullfrog (1 damage) ... on level 3 of the Dungeon. The game lasted 00:12:54 (3157 turns).

Kalegnar the Magician (Fairy Air Elementalist)      Turns: 3157, Time: 00:12:55

Health: 0/5        AC:  0    Str:  2    XL:     7 ^: 88
Magic:  2/3        EV: 28    Int: 20    God:
Gold:   221        SH:  0    Dex: 17    Spells: 4/19 levels left

rFire    . . .     Vision   .   (no jewelry)
rCold    . . .     Gourm    .
rNeg     . . .     Faith    .
rPois    .         Spirit   .
rElec    .         Reflect  .
rCorr    .         Harm     .
MR       +....
Stlth    +.........
HPRegen  0.11/turn
MPRegen  0.13/turn

@: swift, flying, glowing, quick
A: tiny, no armour or weapons, only one jewelry slot, no melee attacks, fairy
magic, fairy shield, fairy light, decreased potion and divine healing, slowness
1, able to fly, insubstantial
a: Stop Flying


You were on level 3 of the Dungeon.
You were not hungry.

You visited 1 branch of the dungeon, and saw 4 of its levels.

You collected 221 gold pieces.

Inventory:

Jewellery
 d - a cursed amulet of reflection {(Curse: rC- Int-4)}
 i - an uncursed amulet of rage
Scrolls
 c - a scroll of bless item
 e - a scroll of fog
 g - 3 scrolls of blinking
 j - a scroll of vulnerability
 k - 2 scrolls of torment
 l - a scroll of amnesia
 m - a scroll of fear
Potions
 a - 2 potions of heal wounds
 f - 2 potions of magic
 h - a potion of invisibility
 o - a potion of mutation
 p - 2 potions of curing
Comestibles
 b - 7 rations
 n - 3 chunks of flesh


   Skills:
 - Level 5.0 Dodging
 - Level 1.4 Stealth
 + Level 6.9 Spellcasting
 + Level 6.6 Air Magic


You had 4 spell levels left.
You knew the following spells:

 Your Spells              Type           Power        Failure   Level  Hunger
a - Shock                 Air            25 (25)      1%          1    None
b - Swiftness             Chrm/Air       20 (100)     3%          2    None
c - Static Discharge      Air            33 (100)     1%          3    #......
d - Airstrike             Air            33 (200)     6%          4    ###....
e - Lightning Bolt        Air            33 (200)     17%         5    #####..

Your spell library contained the following spells:

 Spells                   Type           Power        Failure   Level  Hunger


Dungeon Overview and Level Annotations

Branches:
Dungeon (4/8)              Temple (0/1) D:4

Altars:


Innate Abilities, Weirdness & Mutations

You are too small to use any gear.
You can wear a single ring or amulet completely around your body.
You are incapable of melee of any kind.
Your magic reserves are extremely low but spells that normally cost one mana are free and all other spells cost one mana.
You are extremely frail but all attacks that strike you do exactly one damage.
You exude a bright light in a small radius around yourself.
The effect of potions and godly healing effects is reduced to match your tiny health and magic reserves.
You cover ground slowly.
You can fly continuously.
Your insubstantial form boosts your evasion and grants immunity to sticky flames, nets and constriction.


Message History

There is a stone staircase leading up here.
Unknown command.
You feel sick. (1)
You are no longer poisoned.
The adder hisses angrily.
The bullfrog completely misses you (0).
The orc warrior hits you with a +0 short sword (9)!
The orc misses you (0). The bullfrog zombie misses you (0).
The bullfrog completely misses you (0).
You fly upwards.
There is a stone staircase leading down here.
Unknown command.
Casting: Shock (safe; 1% risk of failure)
Confirm with . or Enter, or press ? or * to list all spells.
You feel quick. The bullfrog completely misses you (0).
The orc warrior hits you with a +0 short sword (14)!
* * * LOW HITPOINT WARNING * * *
The orc barely misses you (0). The bullfrog hits you (5).
You die...

##################
#................#
#.####################### #.#
######## #.....#
###.#######......####.....#
.........รท[...>..+..'.....#
....#..#.##...ooF####.....#
###.#..#.##.....@.......###
....#..#.##.............#
###.#.....#.............#
....#.....#.............#
....#.....#......#####'##
....#...).#......# #.#
....#.....#......#####.##########
.................................
....#..#+####........#.##########


You could see an orc warrior, a bullfrog and an orc.

Vanquished Creatures
  An ice beast (D:3)
  An ogre (D:3)
  A crocodile (D:2)
  A bullfrog (D:3)
  A hound (D:3)
  3 jellies (D:2)
  An orc wizard (D:3)
  An iguana (D:3)
  2 worker ants (D:3)
  3 giant cockroaches
  A bullfrog skeleton (D:3)
  2 adders (D:3)
  A gnoll (D:1)
  24 sewer rats (D:2)
  6 cinder newts
  An ooze (D:2)
  3 dart slugs (D:1)
  5 leopard geckos
  5 orcs (D:3)
  An adder skeleton (D:2)
  5 goblins (D:1)
  4 hobgoblins (D:1)
  2 quokkas (D:3)
  3 ball pythons (D:2)
  5 bats
  6 kobolds (D:1)
  6 rats (D:1)
  4 withered plants (D:2)
99 creatures vanquished.

Vanquished Creatures (others)
  113 withered plants (D:2)
113 creatures vanquished.

Grand Total: 212 creatures vanquished

Notes
Turn   | Place    | Note
-------+----------+-------------------------------------------
     0 | D:1      | Kalegnar the Fairy Air Elementalist began the quest for the
                  | Orb.
     0 | D:1      | Reached XP level 1. HP: 3/3 MP: 3/3
     0 | D:1      | Noticed a spriggan skeleton
     0 | D:1      | Noticed an octopode
     3 | D:1      | Noticed a minotaur
     9 | D:1      | Noticed a troll zombie
    10 | D:1      | Noticed a merfolk skeleton
    11 | D:1      | Noticed a draconian
    14 | D:1      | Noticed a felid
    14 | D:1      | Noticed an elf
    18 | D:1      | Noticed a dwarf
    18 | D:1      | Noticed a formicid zombie
    20 | D:1      | Noticed an elf skeleton
    20 | D:1      | Noticed an elf skeleton
    20 | D:1      | Noticed a troll
    22 | D:1      | Noticed an octopode
    24 | D:1      | Noticed an octopode zombie
   106 | D:1      | Reached XP level 2. HP: 3/3 MP: 3/3
   150 | D:1      | Reached XP level 3. HP: 4/4 MP: 3/3
   154 | D:1      | Learned a level 2 spell: Swiftness
   158 | D:1      | Learned a level 3 spell: Static Discharge
  1198 | D:2      | Noticed a crocodile
  1208 | D:2      | Killed a crocodile
  1208 | D:2      | Reached XP level 4. HP: 3/4 MP: 2/3
  1208 | D:2      | Reached XP level 5. HP: 3/4 MP: 2/3
  1236 | D:2      | Learned a level 4 spell: Airstrike
  1385 | D:2      | Reached skill level 5 in Dodging
  1416 | D:2      | Reached XP level 6. HP: 5/5 MP: 3/3
  1556 | D:2      | Reached skill level 5 in Spellcasting
  1556 | D:2      | Reached skill level 5 in Air Magic
  1578 | D:2      | Learned a level 5 spell: Lightning Bolt
  2260 | D:3      | Reached XP level 7. HP: 5/5 MP: 3/3
  3096 | D:4      | Found a staircase to the Ecumenical Temple.
  3157 | D:3      | Slain by a bullfrog

Levels and vault maps discovered:
D:1:      shiori_arrival_whats_in_store_for_you, layout_basic, first_ration
D:2:      layout_sewer
D:3:      minmay_ossuary_gauntlet, layout_basic
D:4:      layout_gridville, minmay_temple_entry_butterflies, the_bakery,
          small_chamber_with_monster, uniq_harold, uniq_maurice,
          uniq_crazy_yiuf_cottage, uniq_maggie

Skill      XL: |  1  2  3  4  5  6  7 |
---------------+----------------------+-----
Dodging        | 3 4 5 |  5.0
Spellcasting   | 3 4 5 6 |  6.9
Air Magic      | 4 5 6 |  6.6
Stealth        | |  1.4

Action                   |  1- 3 |  4- 6 |  7- 9 || total
-------------------------+-------+-------+-------++-------
 Cast: Shock             |    67 |    86 |    56 ||   209
       Static Discharge  |     1 |     3 |       ||     4
       Airstrike         |       |       |     2 ||     2
       Swiftness         |       |       |     1 ||     1
 Abil: Fly               |     1 |       |       ||     1
  Eat: Chunk             |     1 |     4 |     4 ||     9
Dodge: Dodged            |    12 |    11 |    34 ||    57
